 Dungeon Crawl Stone Soup version 0.31-a0-496-g6f97920a28 (webtiles) character file.

Game seed: 8178498730553538488

32 AstroCodex24 the Trooper (level 3, -6/29 HPs)
             Began as a Vampire Fighter on Aug 8, 2023.
             Mangled by a sleepcap (7 damage)
             ... on level 4 of the Dungeon.
             The game lasted 00:02:47 (642 turns).

AstroCodex24 the Trooper (Vampire Fighter)           Turns: 642, Time: 00:02:47

Health: -6/29      AC:  8    Str: 17    XL:     3   Next: 8%
Magic:  3/3        EV:  9    Int: 10    God:
Gold:   38         SH:  4    Dex: 13    Spells: 2/2 levels left

rFire   . . .        a - +0 war axe
rCold   . . .        c - +0 buckler
rNeg    . . .        b - +0 scale mail
rPois   .            h - +0 helmet
rElec   .            (no cloak)
rCorr   .            (no gloves)
SInv    +            g - +0 pair of boots
Will    .....        (no amulet) Stlth
                     (no ring)
HPRegen 0.44/turn    (no ring)
MPRegen 0.08/turn

%: no passive effects
@: healing quickly
A: alive, fangs 3, see invisible, vampiric 2
a: Exsanguinate


You were on level 4 of the Dungeon.
You visited 1 branch of the dungeon, and saw 4 of its levels.

You collected 38 gold pieces.

Inventory:

Hand Weapons
 a - a +0 war axe (weapon)
Armour
 b - a +0 scale mail (worn)
 c - a +0 buckler (worn)
 g - a +0 pair of boots (worn)
 h - a +0 helmet (worn)
Scrolls
 e - 2 scrolls of teleportation {unknown}
 f - 2 scrolls of identify {unknown}
 i - a scroll of immolation {unknown}
Potions
 d - a potion of might
 j - a potion of brilliance {unknown}


   Skills:
 + Level 3.0 Fighting
 + Level 2.4 Axes
 + Level 2.7 Armour
 + Level 0.4 Dodging
 + Level 2.8 Shields


You had 2 spell levels left.
You didn't know any spells.
Your spell library contained the following spells:

 Spells                   Type           Power      Damage    Failure   Level
 Static Discharge         Conj/Air       0%         2-2/arc   94%         2
 Airstrike                Air            0%         2d(0-16)  100%        4
 Summon Lightning Spire   Summ/Air       0%         N/A       100%        4


Dungeon Overview and Level Annotations

Branches:
Dungeon (4/15)
 Temple: D:4-7

Altars:


Innate Abilities, Weirdness & Mutations

Your natural rate of healing is accelerated.
You have razor-sharp teeth.
You have supernaturally acute eyesight. (SInv)
You are afflicted with vampirism and can become a bat while bloodless.


Message History

Your Fighting skill increases to level 3!
You have reached level 3!
Your experience leads to an increase in your attributes!
Increase (S)trength, (I)ntelligence, or (D)exterity?
You feel stronger. x2
You can now turn into a vampire bat when bloodless.
You see here a dart slug corpse.
A sleepcap comes into view.
Found a book of Spectacle.
You swing at nothing.
You swing at nothing.
You swing at nothing.
You hit the sleepcap but do no damage.
The sleepcap releases spores at you but does no damage. x2
You hit the sleepcap but do no damage. The sleepcap releases spores at you.
The sleepcap completely misses you.
You slash the sleepcap!
The sleepcap is moderately damaged.
You block the sleepcap's attack.
You hit the sleepcap.
The sleepcap is moderately damaged.
The sleepcap closely misses you. The sleepcap releases spores at you.
You hit the sleepcap.
You bite the sleepcap, but do no damage.
The sleepcap is heavily damaged.
The sleepcap barely misses you.
You hit the sleepcap but do no damage.
The sleepcap is moderately damaged.
The sleepcap releases spores at you.
You are engulfed in a cloud of soporific spores!
You fall asleep.
The sleepcap releases spores at you!!
You wake up.
Ouch! That really hurt!
* * * LOW HITPOINT WARNING * * *
You are engulfed in a cloud of soporific spores!
You are unaffected.
You hit the sleepcap.
The sleepcap is heavily damaged.
The sleepcap releases spores at you!
You die...

..!....<†.....#
............###
............# .
..........>.###..
.................
#................
>................
#.........♣⌠.##.#
+##.....@f.....#
#####♣..⌠..###
:.PP..# ######.#
.# #


You could see a sleepcap.

Vanquished Creatures
  An adder (D:4)
  A dart slug (D:4)
  A bat (D:1)
  5 endoplasms
  A giant cockroach (D:1)
  3 hobgoblins
  2 quokkas
  2 ball pythons
  A frilled lizard (D:1)
  2 rats (D:1)
19 creatures vanquished.

Notes
Turn   | Place    | Note
-------+----------+-------------------------------------------
     0 | D:1      | AstroCodex24 the Vampire Fighter began the quest for the
                  | Orb.
     0 | D:1      | Reached XP level 1. HP: 17/17 MP: 1/1
   211 | D:1      | Reached XP level 2. HP: 23/23 MP: 2/2
   623 | D:4      | Reached skill level 3 in Fighting
   623 | D:4      | Gained mutation: You are afflicted with vampirism and can
                  | become a bat while bloodless. [Vampire growth]
   623 | D:4      | Reached XP level 3. HP: 29/29 MP: 3/3
   641 | D:4      | HP: 1/29 [sleepcap (20)]
   642 | D:4      | Mangled by a sleepcap

Illustrated notes

Levels and vault maps discovered:
D:1:      co_arrival_random_square_maze, layout_loops_corners,
          dreamdust_ecumenical_altar_drowned_temple, minmay_ruptured
D:2:      layout_rooms
D:3:      layout_loops_cross, st_stairs_14
D:4:      layout_rooms, worldfamousw_hep_ancestral_shrine,
          nicolae_uskayaw_en_pointe, yredelemnul_altar_generic, serial_demonic,
          serial_demonic_c, serial_demonic_e, serial_demonic_e,
          serial_demonic_c, chequers_serial_rivers_small_b

Skill      XL: |  1  2 |
---------------+-------+-----
Axes           | 2 |  2.4
Fighting       | 3 |  3.0
Armour         | |  2.7
Dodging        | |  0.4
Shields        | |  2.8

Action                     || total
---------------------------++-------
  Melee: War axe           ||    61
         Bite              ||     3
 Armour: Scale mail        ||    41
  Dodge: Dodged            ||    22
  Block: Buckler           ||    18

Table legend: (Time is in decaauts)
 A = Elapsed time spent in this place.
 B = Non-inter-level travel time spent in this place.
 C = Inter-level travel time spent in this place.
 D = Time resting spent in this place.
 E = Time spent auto-exploring this place.
 F = Levels seen in this place.
 G = Mean time per level.
                   A        B        C        D        E       F      G
               +--------+--------+--------+--------+--------+-----+--------+
         Total |    671 |    671 |      0 |      0 |      0 |   4 |  167.8 |
       Dungeon |    671 |    671 |      0 |      0 |      0 |   4 |  167.8 |
               +--------+--------+--------+--------+--------+-----+--------+

Top non-repeatable levels by time:
     D:1: 456 daAuts
     D:3: 117 daAuts
     D:2: 58 daAuts
     D:4: 39 daAuts
